 Dungeon Crawl Stone Soup version 0.26-b1-32-g5d43845318 (webtiles) character file.

Game seed: 7303410288312776241

248 Borgoz the Cudgeller (level 6, -6/55 HPs)
             Began as a Gargoyle Gladiator on Jan 11, 2021.
             Killed by divine providence
             ... invoked by an orc priest
              (12 damage)
             ... on level 3 of the Dungeon.
             The game lasted 00:02:43 (2393 turns).

Borgoz the Cudgeller (Gargoyle Gladiator)           Turns: 2393, Time: 00:02:44

Health: -6/55      AC:  8    Str: 17    XL:     6   Next: 12%
Magic:  6/6        EV: 13    Int:  9    God:
Gold:   102        SH:  0    Dex: 13    Spells: 5/5 levels left

rFire    . . .     SeeInvis .   a - +0 flail
rCold    . . .     Faith    .   (no shield)
rNeg     + . .     Spirit   .   b - +0 leather armour
rPois    ∞         Reflect  .   c - +0 helmet
rElec    +         Harm     .   (no cloak)
rCorr    .         Rampage  .   (no gloves)
Will     .....                  (no boots)
Stlth    ..........             (no amulet)
HPRegen  0.18/turn              (no ring)
MPRegen  0.10/turn              (no ring)

@: berserking (expiring), very quick
A: negative energy resistance 1, electricity resistance, unbreathing,
petrification resistance, miasma immunity, AC +4
a: no special abilities


You were on level 3 of the Dungeon.
You visited 1 branch of the dungeon, and saw 3 of its levels.

You collected 102 gold pieces.

Inventory:

Hand Weapons
 a - a +0 flail (weapon)
Missiles
 d - 2 throwing nets (quivered)
Armour
 b - a +0 leather armour (worn)
 c - a +0 helmet (worn)
Scrolls
 e - a scroll of immolation {unknown}
 g - 2 scrolls of identify {unknown}
 h - 2 scrolls of enchant armour {unknown}
 j - a scroll of amnesia {unknown}
 k - a scroll of blinking {unknown}
 o - a scroll of magic mapping {unknown}
 q - a scroll of teleportation {unknown}
 r - a scroll of fear {unknown}
 s - a scroll of fog {unknown}
Potions
 f - 2 potions of berserk rage
 i - a potion of lignification {unknown}
 l - a potion of flight {unknown}
 m - a potion of heal wounds {unknown}
 n - a potion of mutation {unknown}
 p - a potion of curing {unknown}


   Skills:
 + Level 3.3 Fighting
 * Level 4.3 Maces & Flails
 - Level 1.7 Throwing
 * Level 3.1 Armour
 * Level 3.5 Dodging


You had 5 spell levels left.
You didn't know any spells.
Your spell library was empty.

Dungeon Overview and Level Annotations

Branches:
Dungeon (3/15)

Altars:
Sif Muna


Innate Abilities, Weirdness & Mutations

You are resistant to torment.
Your stone body is resilient. (AC +4)
You are immune to poison.
You resist negative energy. (rN+)
You are resistant to electric shocks. (rElec)
You can survive without breathing.
You are immune to petrification.
You are immune to miasma.


Message History

Your Armour skill increases to level 3!
You have reached level 6!
Your experience leads to an increase in your attributes!
Increase (S)trength, (I)ntelligence, or (D)exterity?
You feel agile.
You enter the shallow water.
Moving in this stuff is going to be slow.
The orc priest calls down the wrath of Beogh upon you.
You barely resist.
You see here a +0 hand axe.
You feel a strong urge to attack something.
The worm bites you.
* * * LOW HITPOINT WARNING * * *
You hit the orc priest.
The orc priest is lightly wounded.
You sock the orc priest!
The orc priest is severely wounded.
The orc priest calls down the wrath of Beogh upon you.
Beogh smites you!
You die...

#. #......... #.
#.........
#.#####).......
####..............
......?...†.......
.........)..###...
#.......#..# ..
#.≈...)w#..# .
#.....@.#..#
#..#.....o.#..### #
#..#.......#....+ #
#..#.≈...o.#.#### #
#..#.......#.# ######
#..##.....##.# .....#
#..###$⌠$###.#
.....###...#######..#
...................##


You could see a worm, an orc priest and an orc.

Vanquished Creatures
  An ice beast (D:3)
  An orc priest (D:3)
  3 adders
  3 gnolls (D:2)
  An ooze (D:1)
  A worm (D:2)
  2 leopard geckos (D:1)
  4 orcs (D:3)
  5 bats
  7 giant cockroaches
  7 goblins
  4 hobgoblins
  2 jackals (D:1)
  6 frilled lizards
  4 kobolds
  7 rats
58 creatures vanquished.

Notes
Turn   | Place    | Note
-------+----------+-------------------------------------------
     0 | D:1      | Borgoz the Gargoyle Gladiator began the quest for the Orb.
     0 | D:1      | Reached XP level 1. HP: 12/12 MP: 1/1
   104 | D:1      | Reached XP level 2. HP: 17/17 MP: 2/2
   176 | D:1      | Reached skill level 1 in Armour
   422 | D:1      | Reached XP level 3. HP: 21/22 MP: 3/3
  1293 | D:2      | Reached XP level 4. HP: 27/27 MP: 4/4
  1697 | D:2      | Found a shimmering blue altar of Sif Muna.
  2045 | D:3      | Noticed an ice beast
  2070 | D:3      | Killed an ice beast
  2071 | D:3      | Reached skill level 4 in Maces & Flails
  2071 | D:3      | Reached XP level 5. HP: 17/32 MP: 5/5
  2390 | D:3      | Reached XP level 6. HP: 10/37 MP: 6/6
  2393 | D:3      | Killed from afar by an orc priest

Illustrated notes

Levels and vault maps discovered:
D:1:      evilmike_arrival_home_sweet_home, layout_loops_ring
D:2:      minmay_alternating_diamond, layout_basic, led_sif_pool
D:3:      cheibrodos_pilgrimage, layout_basic

Skill      XL: |  1  2  3  4  5 |
---------------+----------------+-----
Armour         | 1 2 3 |  3.1
Dodging        | 3 |  3.5
Fighting       | 3 |  3.3
Maces & Flails | 4 |  4.3
Throwing       | |  1.7

Action                   |  1- 3 |  4- 6 || total
-------------------------+-------+-------++-------
Melee: Flail             |   126 |   101 ||   227
Throw: Throwing net      |       |     3 ||     3
  Use: Potion            |       |     1 ||     1
 Stab: Sleeping          |     1 |       ||     1
Armor: Leather armour    |    64 |    31 ||    95
Dodge: Dodged            |   115 |    61 ||   176
